 Dungeon Crawl Stone Soup version 0.26.1-11-gd32895ea62 (webtiles) character file.

Game seed: 11388394823866649518

63 Urokeeper the Sneak (level 3, -4/27 HPs)
             Began as a Vampire Brigand on July 22, 2021.
             Killed by divine providence
             ... invoked by an orc priest
              (15 damage)
             ... on level 3 of the Dungeon.
             The game lasted 00:08:31 (1523 turns).

Urokeeper the Sneak (Vampire Brigand)               Turns: 1523, Time: 00:08:32

Health: -4/27      AC:  4    Str: 10    XL:     3   Next: 87%
Magic:  3/3        EV: 12    Int: 13    God:
Gold:   68         SH:  0    Dex: 16    Spells: 2/2 levels left

rFire    + . .     SeeInvis +   a - +2 dagger
rCold    . . .     Faith    .   (no shield)
rNeg     . . .     Spirit   .   g - +0 leather armour
rPois    +         Reflect  .   (no helmet)
rElec    .         Harm     .   c - +0 cloak
rCorr    .         Rampage  .   (no gloves)
Will     .....                  (no boots)
Stlth    +++.......             (no amulet)
HPRegen  0.29/turn              f - ring of poison resistance (curse)
MPRegen  0.08/turn              h - ring of protection from fire

@: regenerating quickly
A: fangs 3, see invisible, unbreathing
a: Exsanguinate


You were on level 3 of the Dungeon.
You visited 1 branch of the dungeon, and saw 3 of its levels.

You collected 68 gold pieces.

Inventory:

Hand Weapons
 a - a +2 dagger (weapon)
 o - a +0 hunting sling
Missiles
 d - 20 poisoned darts (quivered)
 e - 2 curare-tipped darts
 l - 22 arrows
Armour
 b - a +0 robe
 c - a +0 cloak (worn)
 g - a +0 leather armour (worn)
Jewellery
 f - a cursed ring of poison resistance (left hand)
 h - a ring of protection from fire (right hand)
 m - an uncursed amulet of regeneration {unknown}
Scrolls
 i - a scroll of noise {unknown}
 j - a scroll of enchant armour {unknown}
 k - a scroll of remove curse {unknown}
 p - a scroll of fog {unknown}
Potions
 n - a potion of attraction {unknown}
 q - 2 potions of curing {unknown}
 r - a potion of heal wounds {unknown}


   Skills:
 + Level 1.9 Fighting
 + Level 3.0 Short Blades
 + Level 1.6 Throwing
 + Level 0.3 Armour
 + Level 1.5 Dodging
 + Level 7.2 Stealth


You had 2 spell levels left.
You didn't know any spells.
Your spell library was empty.

Dungeon Overview and Level Annotations

Branches:
Dungeon (3/15)

Altars:
Elyvilon


Innate Abilities, Weirdness & Mutations

Your natural rate of healing is unusually fast.
You have razor-sharp teeth.
You have supernaturally acute eyesight. (SInv)
You can survive without breathing.


Message History

The orc priest hits you with a +0 club.
You hit the orc priest.
The orc priest is heavily wounded.
You hit the orc priest.
The orc priest is severely wounded.
The orc priest calls down the wrath of Beogh upon you.
Pain shoots through your body!
You closely miss the orc priest.
The orc priest is severely wounded.
The orc priest invokes the aid of Beogh against you.
You barely resist. You hit the orc priest.
The orc priest is almost dead.
The orc priest barely misses you.
You barely miss the orc priest.
The orc priest is almost dead.
The orc priest calls down the wrath of Beogh upon you.
Beogh smites you!
Ouch! That really hurt!
You die...

.....#
#+.#######.##.#
#.....
.+.._..'.##.#
.### #
###.###.##.# #
##. #.# #.##.#
#...###'###.##.#
............##.#
#..............#
##.####.########
# #@# ......o.#
#########


You could see an orc priest.

Vanquished Creatures
  An adder (D:3)
  An ooze (D:1)
  2 worms (D:2)
  3 dart slugs
  2 giant cockroaches
  4 goblins
  2 hobgoblins
  10 jackals
  2 kobolds (D:1)
  A quokka (D:2)
  A ball python (D:2)
  A bat (D:2)
  3 frilled lizards
  3 rats (D:2)
36 creatures vanquished.

Notes
Turn   | Place    | Note
-------+----------+-------------------------------------------
     0 | D:1      | Urokeeper the Vampire Brigand began the quest for the Orb.
     0 | D:1      | Reached XP level 1. HP: 16/16 MP: 1/1
    93 | D:1      | Reached skill level 6 in Stealth
   277 | D:1      | Reached XP level 2. HP: 22/22 MP: 2/2
   767 | D:2      | Reached XP level 3. HP: 24/27 MP: 3/3
   807 | D:2      | Reached skill level 7 in Stealth
  1498 | D:3      | Found a white marble altar of Elyvilon.
  1523 | D:3      | Killed from afar by an orc priest

Illustrated notes

Levels and vault maps discovered:
D:1:      nagdon_arrival_double_spiral, layout_loops_ring
D:2:      layout_rooms, grunt_decor_arrowhead
D:3:      layout_loops_corners, lemuel_doored_altar, bloody_makhleb,
          gammafunk_ghost_abyssal_escape, grunt_ministairs_14,
          minmay_misc_feat_more_columns, uniq_terence

Skill      XL: |  1  2  3 |
---------------+----------+-----
Stealth        | 6 7 |  7.2
Short Blades   | 3 |  3.0
Fighting       | |  1.9
Throwing       | |  1.6
Armour         | |  0.3
Dodging        | |  1.5

Action                   || total
-------------------------++-------
Melee: Dagger            ||   107
       Bite              ||    11
 Stab: Sleeping          ||    15
Armor: Leather armour    ||    24
Dodge: Dodged            ||    52
